 Dungeon Crawl Stone Soup version 0.29.0-13-gc9e81de378 (webtiles) character file.

Game seed: 17696503588523340738

4086 ILmort the Destroyer (level 10, -2/86 HPs)
             Began as a Red Draconian Conjurer on Sept 10, 2022.
             Was a Believer of Vehumet.
             Slain by an orc warrior
             ... wielding a +0 flail
              (6 damage)
             ... on level 8 of the Dungeon.
             The game lasted 00:37:43 (11074 turns).

ILmort the Destroyer (Red Draconian Conjurer)      Turns: 11074, Time: 00:37:43

Health: -2/86      AC: 10    Str: 13    XL:     10   Next: 5%
Magic:  14/20      EV: 13    Int: 22    God:    Vehumet [**....]
Gold:   442        SH:  0    Dex: 16    Spells: 15/22 levels left

rFire   + . .      SeeInvis .   u - +4 whip of Gallantry {venom, Will+ Str+3}
rCold   . . .      Faith    .   (no shield)
rNeg    . . .      Spirit   .   (body armour unavailable)
rPois   +          Reflect  .   (helmet restricted)
rElec   .          Harm     .   (no cloak)
rCorr   .          Rampage  .   c - +2 pair of gloves
Will    +....                   (no boots)
Stlth   +++.......              (no amulet)
HPRegen 0.24/turn               p - ring of poison resistance
MPRegen 0.17/turn               y - +6 ring of dexterity

@: no status effects
A: breathe fire, AC +7, unfitting armour, fire resistance 1, cold-blooded
a: Breathe Fire, Renounce Religion


You were on level 8 of the Dungeon.
You worshipped Vehumet.
Vehumet was pleased with you.
You visited 2 branches of the dungeon, and saw 10 of its levels.

You collected 442 gold pieces.

Inventory:

Hand Weapons
 u - the +4 whip of Gallantry (weapon) {venom, Will+ Str+3}
   (You found it on level 3 of the Dungeon)

   It poisons the flesh of those it strikes.
   Str:       It affects your strength (+3).
   Will:      It increases your willpower.
Missiles
 i - 20 poisoned darts (quivered)
Armour
 c - a +2 pair of gloves (worn)
 j - a +0 kite shield
Jewellery
 d - an amulet of guardian spirit
 p - a ring of poison resistance (left hand)
 r - a ring of fire
 y - a +6 ring of dexterity (right hand)
Wands
 w - a wand of mindburst (19)
 x - a wand of charming (8)
 E - a wand of flame (16)
Scrolls
 b - 2 scrolls of poison
 f - a scroll of fear
 h - a scroll of enchant weapon
 l - a scroll of torment
 m - 2 scrolls of teleportation
 v - a scroll of immolation
 z - a scroll of blinking
 C - a scroll of amnesia {unknown}
 F - a scroll of enchant armour
Potions
 a - a potion of magic
 e - 3 potions of flight
 g - 2 potions of berserk rage {unknown}
 k - 3 potions of might
 n - a potion of ambrosia {unknown}
 o - a potion of lignification {unknown}
 q - 3 potions of attraction
 s - 2 potions of degeneration {unknown}
 t - 3 potions of curing
 A - 3 potions of mutation
 D - a potion of haste {unknown}


   Skills:
 + Level 7.3 Fighting
 + Level 3.0 Dodging
 + Level 4.8 Stealth
 + Level 6.8 Spellcasting
 - Level 10.2 Conjurations


You had 15 spell levels left.
You knew the following spells:

 Your Spells              Type           Power      Damage    Failure   Level
a - Magic Dart            Conj           100%       1d8       1%          1
b - Searing Ray           Conj           100%       2d8       1%          2
c - Fulminant Prism       Conj/Hex       15%        3d11      10%         4

Your spell library contained the following spells:

 Spells                   Type           Power      Damage    Failure   Level
 Poisonous Vapours        Pois/Air       14%        N/A       13%         2
 Dazzling Flash           Conj/Hex       60%        N/A       3%          3
 Iskenderun's Mystic Bla  Conj/Tloc      30%        2d8       10%         4
 Ensorcelled Hibernation  Hex/Ice        14%        N/A       13%         2
 Passwall                 Tmut/Erth      5%         N/A       13%         2
 Swiftness                Air            7%         N/A       26%         3
 Malign Gateway           Summ/Tloc      3%         N/A       100%        7
 Summon Horrible Things   Summ           3%         N/A       100%        8


Dungeon Overview and Level Annotations

Branches:
Dungeon (9/15)             Temple (1/1) D:5
   Lair: D:8-11         Orc: D:9-12

Altars:
Cheibriados
Dithmenos
Elyvilon
Fedhas
Gozag
Hepliaklqana
Kikubaaqudgha
Makhleb
Nemelex Xobeh
Okawaru
Qazlal
Ru
Sif Muna
Trog
Uskayaw
Vehumet
Wu Jian
Xom
Yredelemnul
Zin
The Shining One

Annotations:
D:8 Amaemon
Temple 2 transporters


Innate Abilities, Weirdness & Mutations

You can breathe blasts of fire.
Your fiery red scales are hard. (AC +7)
You cannot fit into any form of body armour.
Your flesh is heat resistant. (rF+)
You are cold-blooded and may be slowed by cold attacks.


Message History

The orc warrior looks more healthy.
The orc warrior barely misses you.
Things that are here:
a +0 scale mail; a +0 club
There is an open door here.
Your magical contamination has completely faded away.
The orc warrior attacks as you move away!
The orc warrior hits you with a +0 flail.
The orc warrior attacks as you move away!
The orc warrior barely misses you.
The orc warrior attacks as you move away!
The orc warrior hits you with a +0 flail!
The orc warrior attacks as you move away!
The orc warrior hits you with a +0 flail!
Things that are here:
a +0 dagger; a +0 leather armour
Things that are here:
a +0 flail; an orc corpse The orc warrior attacks as you move away!
The orc warrior hits you with a +0 flail!
The orc warrior attacks as you move away!
The orc warrior hits you but does no damage.
There is a stone staircase leading up, spattered with blood here.
You can't go down here!
The orc warrior hits you with a +0 flail.
You climb upwards.
Level annotation: Amaemon
There is a stone staircase leading down, spattered with blood here.
You hit the orc warrior.
The orc warrior hits you with a +0 flail!
* * * LOW HITPOINT WARNING * * *
You barely miss the orc warrior.
The orc warrior hits you with a +0 flail!
* * * LOW HITPOINT WARNING * * *
Casting: Fulminant Prism (dangerous; 10% risk of failure)
Aiming: Searing Ray (safe; 1% risk of failure)
Aim: an orc warrior, wielding a +0 flail and wearing a +0 plate armour (severely wounded, 83% to hit)
The searing ray misses the orc warrior. (Press . to maintain the ray.)
The orc warrior hits you with a +0 flail.
You die...

# .# #####.#
#######.....#
#.(.........#
#...)[#.....#
#..##.#...#.#
######..##.#.###.#
#@o..............#
###[?###.....#.##...
#...................
#.################.#
#.#### #.# #....# #
### #.# ####.#
#.#####.. #.#
######.###.....#.# #.#
#..............#.###.#


You could see an orc warrior.

Vanquished Creatures
  A two-headed ogre (D:8)
  Sigmund (D:6)
  2 steam dragons (D:6)
  An orc warrior (D:8)
  Duvessa (D:4)
  5 black bears
  2 sky beasts
  2 ogres
  2 centaurs (D:8)
  A phantom (D:4)
  Blork the orc (D:5)
  2 bullfrogs
  A scorpion (D:5)
  A necrophage (D:6)
  Dowan (D:4)
  6 killer bees
  6 howler monkeys
  4 jellies
  5 hounds
  3 orc priests
  A gnoll bouda (D:8)
  Natasha (thrice) (D:4)
  7 iguanas
  2 orc wizards (D:6)
  3 gnolls (D:8)
  13 adders
  5 white imps
  2 worms
  A dart slug (D:1)
  30 orcs
  6 endoplasms
  3 giant cockroaches
  6 goblins
  8 hobgoblins
  3 jackals (D:1)
  2 kobolds
  3 quokkas
  8 ball pythons
  7 bats
  4 frilled lizards
  4 rats
  A spectral goblin (D:1)
170 creatures vanquished.

Vanquished Creatures (others)
  8 fulminant prisms
  5 fungi (D:8)
  5 plants (D:5)
18 creatures vanquished.

Grand Total: 188 creatures vanquished

Notes
Turn   | Place    | Note
-------+----------+-------------------------------------------
     0 | D:1      | ILmort the Draconian Conjurer began the quest for the Orb.
     0 | D:1      | Reached XP level 1. HP: 14/14 MP: 3/3
   326 | D:1      | Reached XP level 2. HP: 18/20 MP: 1/5
   389 | D:1      | Found a faded altar of an unknown god.
  1418 | D:2      | Reached skill level 5 in Conjurations
  1449 | D:2      | Reached XP level 3. HP: 17/26 MP: 3/6
  1453 | D:2      | Learned a level 2 spell: Searing Ray
  1560 | D:2      | Found a shimmering blue altar of Sif Muna.
  1751 | D:2      | Noticed a black bear
  2215 | D:2      | Killed a black bear
  2216 | D:2      | Reached skill level 6 in Conjurations
  2216 | D:2      | Reached XP level 4. HP: 3/33 MP: 3/8
  2216 | D:2      | Reached XP level 5. HP: 3/38 MP: 3/9
  2817 | D:3      | Identified the +4 whip of Gallantry {venom, Will+ Str+3}
  3144 | D:3      | Identified the +0 leather armour "Cainlynodo" {*Slow rElec
                  | rF+++ rN++}
  3636 | D:3      | Found a basalt altar of Yredelemnul.
  3760 | D:3      | Found a shadowy altar of Dithmenos.
  3955 | D:4      | Reached skill level 1 in Fighting
  3956 | D:4      | Noticed Natasha
  4106 | D:4      | Killed Natasha
  4214 | D:3      | Reached XP level 6. HP: 10/48 MP: 9/11
  4423 | D:4      | Noticed Natasha
  4640 | D:4      | Killed Natasha
  4767 | D:4      | Noticed Natasha
  4864 | D:4      | Killed Natasha
  4865 | D:4      | Your scales start taking on a fiery red colour.
  4865 | D:4      | Reached XP level 7. HP: 53/57 MP: 8/13
  4865 | D:4      | Gained mutation: Your flesh is heat resistant. (rF+) [Red
                  | Draconian growth]
  5210 | D:4      | Noticed Dowan
  5272 | D:5      | Entered Level 5 of the Dungeon
  5371 | D:5      | Reached skill level 7 in Conjurations
  5516 | D:5      | Noticed Blork the orc
  5522 | D:5      | Killed Blork the orc
  5653 | D:5      | Found an opulent altar of Gozag.
  5774 | D:5      | Found a staircase to the Ecumenical Temple.
  5785 | Temple   | Entered the Ecumenical Temple
  5785 | Temple   | Found a transporter.
  5785 | Temple   | Found a transporter.
  5787 | Temple   | Found a transporter.
  5787 | Temple   | Found a transporter.
  5812 | Temple   | Became a worshipper of Vehumet
  6027 | D:5      | Reached XP level 8. HP: 66/66 MP: 11/14
  6139 | D:5      | Learned a level 4 spell: Fulminant Prism
  6149 | D:4      | Noticed Duvessa
  6151 | D:4      | Killed Dowan
  6432 | D:4      | Killed Duvessa
  6648 | D:6      | Reached skill level 8 in Conjurations
  6896 | D:6      | Reached skill level 5 in Spellcasting
  7324 | D:6      | Reached skill level 5 in Fighting
  7584 | D:6      | Noticed Sigmund
  7605 | D:7      | Reached * piety under Vehumet
  7605 | D:7      | Offered knowledge of Shock by Vehumet.
  7966 | D:7      | Reached skill level 9 in Conjurations
  8026 | D:7      | Reached XP level 9. HP: 71/74 MP: 10/17
  8654 | D:7      | Found an ancient bone altar of Kikubaaqudgha.
  8654 | D:7      | Found a faded altar of an unknown god.
  8660 | D:7      | Found a glowing golden altar of the Shining One.
  8662 | D:7      | Found a bloodstained altar of Trog.
  8664 | D:7      | Found a hide-covered altar of Uskayaw.
  9128 | D:8      | Noticed a two-headed ogre
  9140 | D:8      | Killed a two-headed ogre
  9141 | D:8      | Reached skill level 10 in Conjurations
  9534 | D:8      | Noticed an orange demon
  9537 | D:8      | Noticed Amaemon
  9756 | D:6      | Killed Sigmund
 10741 | D:9      | Reached XP level 10. HP: 86/86 MP: 14/20
 10757 | D:8      | Offered knowledge of Poisonous Vapours by Vehumet.
 10954 | D:9      | Reached ** piety under Vehumet
 11073 | D:8      | HP: 4/86 [orc warrior/+0 flail (14)]
 11074 | D:8      | Slain by an orc warrior

Illustrated notes

Levels and vault maps discovered:
D:1:      shiori_shiawase, layout_basic,
          dreamdust_ecumenical_altar_drowned_temple
D:2:      layout_loops_ring, basic_altar, bh_walls_and_bars
D:3:      layout_basic, mainiacjoe_overflow_big_doors, serial_rivers,
          chequers_serial_rivers_marsh, chequers_serial_rivers_small_3,
          chequers_serial_rivers_room_b, chequers_serial_rivers_small_b,
          chequers_serial_rivers_large_b, chequers_serial_rivers_small_b
D:4:      layout_cave_pools, portal_sewer_entry_a, uniq_duvessa, uniq_natasha
D:5:      layout_basic, grunt_gozag_breadcrumbs,
          minmay_temple_entry_gardened_gates, serial_curves, eino_curves_04,
          eino_curves_02, uniq_blork_the_orc
D:6:      cheibrodos_steamvent, layout_loops_ring, grunt_ministairs_5,
          uniq_sigmund
D:7:      layout_loops_ring, chequers_temple_overflow_minitemple, enter_bailey_8
D:8:      layout_basic, serial_bayou_pond_d, dreamdust_mushroom_princess,
          uniq_amaemon
D:9:      layout_gridville, ebering_ghost_gozag, special_room [special_room_orc]
Temple:   hellmonk_temple_divided_pantheon

Skill      XL: |  1  2  3  4  5  6  7  8  9 10 |
---------------+-------------------------------+-----
Conjurations   | 5 6 7 9 10 | 10.2
Spellcasting   | 3 4 5 6 |  6.8
Fighting       | 1 3 4 5 7 |  7.3
Stealth        | 3 4 |  4.8
Dodging        | 2 3 |  3.0

Action                   |  1- 3 |  4- 6 |  7- 9 | 10-12 || total
-------------------------+-------+-------+-------+-------++-------
Melee: Hand axe          |    30 |       |       |       ||    30
       Tailslap          |     7 |    10 |    16 |     5 ||    38
       Short sword       |    14 |       |       |       ||    14
       Punch             |     1 |       |     2 |     2 ||     5
       Whip              |       |    66 |   103 |    21 ||   190
 Cast: Magic Dart        |    51 |    27 |   106 |     3 ||   187
       Searing Ray       |       |    19 |    64 |     1 ||    84
       Fulminant Prism   |       |       |     6 |     2 ||     8
 Abil: Breathe Fire      |       |       |    24 |       ||    24
  Use: Scroll            |       |     4 |    13 |       ||    17
       Potion            |       |     2 |     2 |       ||     4
 Stab: Sleeping          |       |       |     2 |       ||     2
Armor: Skin              |    27 |    24 |    67 |     6 ||   124
Dodge: Dodged            |    41 |    58 |   103 |    18 ||   220
